[Event "Early-Titled-Tuesday-Blitz-October-24-2023"]
[Site "Chess.com"]
[Date "2023.10.24"]
[Round "10"]
[White "karinachess1"]
[Black "noblerone"]
[Result "1-0"]
[WhiteElo "2640"]
[BlackElo "2513"]
[TimeControl "180+1"]
[EndTime "9:51:01 PDT"]
[Termination "karinachess1 won by resignation"]

1. d4 d5 2. c4 c6 3. Nf3 Nf6 4.
g3 g6 5. b3 Bg7 6. Bb2 O-O 7.
Bg2 Bf5 8. O-O Bxb1 9. Rxb1 e6 10. Qd3 Nbd7 11. Nd2 a5 12. a3 Qb6 13. Bc3 Qa6 14. Rfc1 Rfe8 15. b4 axb4 16. axb4 dxc4 17. Nxc4 Qb5 18. Bd2 Bf8 19. Qc2 Qa4 20. Na5 Qxc2 21. Rxc2 Ra7 22. b5 cxb5 23. Rxb5 b6 24. Nb3 Ra1+ 25.
Nxa1 1-0

[Event "Early-Titled-Tuesday-Blitz-October-24-2023"]
[Site "Chess.com"]
[Date "2023.10.24"]
[Round "10"]
[White "Aswathchess"]
[Black "c63_amg"]
[Result "1-0"]
[WhiteElo "2678"]
[BlackElo "2807"]
[TimeControl "180+1"]
[EndTime "9:51:04 PDT"]
[Termination "Aswathchess won on time"]

1. e4 c6 2. d4 d5 3. Nc3 g6 4. Nf3 Bg7 5. h3 Nf6 6. e5 Ne4 7. Bd3 Bf5 8. Ne2 O-O 9. O-O f6 10. c4 fxe5 11. dxe5 e6 12. Ned4 Nd7 13. g4 Nxe5 14.
gxf5 Nxf3+ 15. Nxf3 Rxf5 16. Qe2 Qf6 17. Bxe4 dxe4 18.
Nh2 Rf8 19. Ng4 Qh4 20. Qxe4 Qxh3 21. Qg2 Qh5 22. Be3 Qh4 23. f3 h5 24. Nh2 Kh7 25.
Rad1 1-0

[Event "Early-Titled-Tuesday-Blitz-October-24-2023"]
[Site "Chess.com"]
[Date "2023.10.24"]
[Round "10"]
[White "Aleksandar-Topalov"]
[Black "DarZay"]
[Result "1-0"]
[WhiteElo "2390"]
[BlackElo "2259"]
[TimeControl "180+1"]
[EndTime "9:51:07 PDT"]
[Termination "Aleksandar-Topalov won by resignation"]

1. b3 e5 2. Bb2 Nc6 3. e3 d5 4.
Bb5 Bd6 5. f4 f6 6. Nh3 Bxh3 7.
Qh5+ g6 8. Qxh3 exf4 9. Qe6+ Qe7 10. Qxd5 fxe3 11. Bxc6+ bxc6 12. Qxc6+ Kf7 13. Qxa8 exd2+ 14. Kd1 Bf4 15. Ba3 Qd7 16. Qf8+ Ke6 17. Nc3 Qd4 18.
Qe8+ Kf5 19. Bb2 Be3 20. Rf1+ Kg5 21. Ne4+ 1-0

[Event "Early-Titled-Tuesday-Blitz-October-24-2023"]
[Site "Chess.com"]
[Date "2023.10.24"]
[Round "10"]
[White "Sanyura"]
[Black "viktorgen2021"]
[Result "1-0"]
[WhiteElo "2590"]
[BlackElo "2447"]
[TimeControl "180+1"]
[EndTime "9:51:11 PDT"]
[Termination "Sanyura won by resignation"]

1. Nf3 Nf6 2. g3 g6 3. Bg2 Bg7 4. O-O O-O 5. d3 d6 6. Nbd2 Nc6 7. e4 e5 8. Nh4 d5 9. exd5 Nxd5 10. Nc4 Re8 11. Re1 Rb8 12. a4 a6 13. c3 Be6 14.
Nf3 Bf5 15. Ng5 b5 16. axb5 axb5 17. Ne3 Nxe3 18. Bxe3 Ne7 19. Qb3 Rf8 20. Ra7 Nc8 21. Bd5 Nd6 22. Bc5 Qxg5 23. Rxc7 Qd8 24. Rc6 Nc8 25. Bxf8 Bxf8 26. Bxf7+ Kg7 27. Be6 Nd6 28. Rxe5 Qf6 29. d4 Ra8 30. Bxf5 gxf5 31. Rc7+ Kh6 32. Re6 1-0

[Event "Early-Titled-Tuesday-Blitz-October-24-2023"]
[Site "Chess.com"]
[Date "2023.10.24"]
[Round "10"]
[White "MasterKroket"]
[Black "RandomNoob04"]
[Result "1/2-1/2"]
[WhiteElo "2518"]
[BlackElo "2626"]
[TimeControl "180+1"]
[EndTime "9:51:19 PDT"]
[Termination "Game drawn by agreement"]

1. e4 e5 2. Nf3 Nf6 3. Nxe5 Nc6 4. Nxc6 dxc6 5. d3 Bc5 6. c3 Nxe4 7. Qe2 Bxf2+ 8.
Kd1 f5 9. Kc2 O-O 10. dxe4 fxe4 11. Be3 Qd3+ 12. Qxd3 exd3+ 13. Kxd3 Bf5+ 14. Kd2 Rad8+ 15. Bd4 c5 16. Bc4+ Kh8 17. Rf1 Bxb1 18. Raxb1 cxd4 19. cxd4 Rxd4+ 20. Kc3 Rdf4 21. Rbd1 g6 22. b3 Bd4+ 23. Kc2 c5 24. Rxf4 Rxf4 25. Rf1 Rxf1 26. Bxf1 Kg7 27.
Kd3 Kf6 28. Ke4 Ke6 29. Bc4+ Kd6 30. g4 a6 31. a4 Bg1 32. h4 h5 33. gxh5 gxh5 34.
Be2 Bf2 35. Bxh5 Bxh4 36. Bf3 b5 37. axb5 axb5 38. Kd3 Be1 39. Kc2 Ba5 40. Be2 Kc6 41. Bf1 Kb6 42. Be2 Be1 43. Bf1 Ka5 44. Be2 Kb4 45.
Bf1 Bf2 46. Be2 Ka5 47. Bf1 b4 48. Bc4 Kb6 49. Kd3 Kc7 50. Ke4 Kd6 51. Kf3 Bd4 52. Kg4 Ke5 53. Kh5 Ke4 54. Kg6 1/2-1/2

[Event "Early-Titled-Tuesday-Blitz-October-24-2023"]
[Site "Chess.com"]
[Date "2023.10.24"]
[Round "10"]
[White "El_Matador12"]
[Black "SergioMoralesG"]
[Result "0-1"]
[WhiteElo "2526"]
[BlackElo "2414"]
[TimeControl "180+1"]
[EndTime "9:51:19 PDT"]
[Termination "SergioMoralesG won by resignation"]

1. d4 d5 2. Bg5 h6 3. Bh4 c6 4. e3 Qb6 5. Nd2 Qxb2 6. Bd3 e6 7. Ngf3 Qb6 8. O-O Be7 9. Bxe7 Nxe7 10. Ne5 O-O 11.
c4 c5 12. Rb1 Qc7 13. cxd5 cxd4 14. exd4 Nxd5 15. Qh5 Nf6 16. Qh4 Nc6 17. Rfc1 Qd6 18. Ne4 Nxe4 19. Qxe4 f5 20. Qe3 Qxd4 21. Qxd4 Nxd4 22.
Rc7 Nc6 23. Ng6 Rf7 24. Rxf7 Kxf7 25. Nf4 g5 26. Ne2 b6 27. f4 Bb7 28. Rc1 Rc8 29.
Kf2 Nb4 30. Rd1 Rd8 31. Nc1 Ba6 32. Be2 Rxd1 33. Bxd1 gxf4 34. Bb3 Kf6 35. Kf3 e5 36. a3 Nd3 37. Nxd3 Bxd3 38. Kf2 e4 0-1

[Event "Early-Titled-Tuesday-Blitz-October-24-2023"]
[Site "Chess.com"]
[Date "2023.10.24"]
[Round "10"]
[White "Malikova777"]
[Black "Kotofeyca"]
[Result "1-0"]
[WhiteElo "2276"]
[BlackElo "2374"]
[TimeControl "180+1"]
[EndTime "9:51:19 PDT"]
[Termination "Malikova777 won by resignation"]

1. d4 d5 2. c4 c6 3. cxd5 cxd5 4. Bf4 Nf6 5. Nc3 Nc6 6. e3 a6 7. Be2 Bf5 8. Nf3 e6 9. Qb3 Ra7 10. O-O Bd6 11. Bxd6 Qxd6 12. a4 O-O 13. a5 Qb4 14.
Qxb4 Nxb4 15. Ne5 Rc8 16. Ra4 Nc6 17. Nxc6 Rxc6 18. Rb4 Ne8 19. f3 Nd6 20. g4 Bg6 21. h4 h6 22. Rd1 Kf8 23. Bd3 Bxd3 24. Rxd3 Ke7 25. e4 Rc4 26. Rb6 dxe4 27. fxe4 Rc7 28. d5 e5 29. Rf3 Nc4 30. d6+ Nxd6 31. Nd5+ Kd7 32. Nxc7 Kxc7 33. Rc3+ Kd7 34. Rd3 1-0

[Event "Early-Titled-Tuesday-Blitz-October-24-2023"]
[Site "Chess.com"]
[Date "2023.10.24"]
[Round "10"]
[White "NowInChess"]
[Black "Laico"]
[Result "0-1"]
[WhiteElo "2195"]
[BlackElo "2347"]
[TimeControl "180+1"]
[EndTime "9:51:21 PDT"]
[Termination "Laico won on time"]

1. e4 e6 2. d3 d5 3. Nd2 Nf6 4. Ngf3 Bc5 5. e5 Nfd7 6. d4 Bb6 7. Bd3 c5 8. c3 Nc6 9. O-O cxd4 10. Re1 dxc3 11.
bxc3 O-O 12. Nb3 f6 13. exf6 Qxf6 14. Nbd4 e5 15. Bg5 Qf7 16. Nxc6 bxc6 17. Be3 e4 18. Ng5 Qg6 19. Bxe4 dxe4 20. Bxb6 Qxg5 21. Bd4 Nf6 22. Bxf6 Qxf6 23. Qc2 Ba6 24. Rxe4 Rad8 25. Rae1 Bd3 26.
Qb3+ Kh8 0-1

[Event "Early-Titled-Tuesday-Blitz-October-24-2023"]
[Site "Chess.com"]
[Date "2023.10.24"]
[Round "10"]
[White "Politov_Pavel"]
[Black "CraiggoryC"]
[Result "1-0"]
[WhiteElo "2082"]
[BlackElo "2199"]
[TimeControl "180+1"]
[EndTime "9:51:25 PDT"]
[Termination "Politov_Pavel won on time"]

1. d4 e6 2. e4 d5 3. Nc3 Bb4 4. e5 c5 5. a3 Bxc3+ 6. bxc3 Ne7 7. Qg4 Qc7 8. Qxg7 Rg8 9. Qxh7 cxd4 10. Ne2 Nbc6 11.
f4 dxc3 12. h4 Bd7 13. h5 O-O-O 14. Qd3 d4 15. Rg1 Rg4 16. g3 Rh8 17. Bh3 Rg7 18. g4 Qb6 19. Ng3 Na5 20. Kf2 Bb5 21. Qf3 Nc4 22. Kg2 Bc6 23. Ne4 Nd2 24. Bxd2 cxd2 25. Kh2 Bxe4 26. Qxe4 Qc5 27. Rgd1 Nd5 28. Rxd2 Qc3 29.
Qxd4 Qf3 30. Rf2 1-0

[Event "Early-Titled-Tuesday-Blitz-October-24-2023"]
[Site "Chess.com"]
[Date "2023.10.24"]
[Round "10"]
[White "vugarrasulov"]
[Black "Elsa167"]
[Result "0-1"]
[WhiteElo "2996"]
[BlackElo "2884"]
[TimeControl "180+1"]
[EndTime "9:51:42 PDT"]
[Termination "Elsa167 won on time"]

1. e4 e6 2. d4 d5 3. exd5 exd5 4. Nf3 Nc6 5. c4 Nf6 6. Nc3 Bb4 7. Be2 O-O 8. O-O dxc4 9. a3 Bxc3 10. bxc3 Be6 11.
Bg5 h6 12. Bh4 Bd5 13. Rb1 Qd6 14. Bg3 Qxa3 15. Qc1 Qxc1 16. Rfxc1 Na5 17. Bxc7 Nb3 18. Re1 Ne4 19. Bxc4 Bxc4 20. Rxe4 Bd3 21. Rxb3 Bxe4 22. Ne5 Rfc8 23. Bd6 Bd5 24. Ra3 f6 25. Ng6 Kf7 26.
Ne7 Re8 0-1

[Event "Early-Titled-Tuesday-Blitz-October-24-2023"]
[Site "Chess.com"]
[Date "2023.10.24"]
[Round "10"]
[White "lefonghua"]
[Black "Cayse"]
[Result "1-0"]
[WhiteElo "2721"]
[BlackElo "2873"]
[TimeControl "180+1"]
[EndTime "9:51:44 PDT"]
[Termination "lefonghua won by resignation"]

1. d4 d5 2. c4 e6 3. Nc3 Nf6 4.
cxd5 exd5 5. Bg5 c6 6. e3 Be7 7. Bd3 Nbd7 8. Qc2 Nh5 9. Bxe7 Qxe7 10. Nge2 g6 11. O-O O-O 12. Rae1 Ndf6 13. Nc1 b6 14. f3 c5 15. Qf2 Bb7 16. Rd1 Ng7 17. Rfe1 Rad8 18. Bb1 Ne6 19. Nb3 a6 20. Qh4 Rfe8 21. h3 c4 22. Nc1 b5 23. a3 Nd7 24. Qf2 Nb6 25. e4 Qg5 26. e5 Nf4 27. Kh2 Bc6 28.
g3 Nh5 29. f4 Qe7 30. f5 Qg5 31. N1e2 a5 32. g4 b4 33. gxh5 bxc3 34. hxg6 fxg6 35.
Rg1 Qh6 36. fxg6 Rf8 37. gxh7+ Kh8 38. Qg3 cxb2 39. Rdf1 Nc8 40. Rf6 1-0

[Event "Early-Titled-Tuesday-Blitz-October-24-2023"]
[Site "Chess.com"]
[Date "2023.10.24"]
[Round "10"]
[White "AnaKuchava"]
[Black "IsaqueGoncalvesSanto"]
[Result "1-0"]
[WhiteElo "2225"]
[BlackElo "1840"]
[TimeControl "180+1"]
[EndTime "9:51:45 PDT"]
[Termination "AnaKuchava won by resignation"]

1. d4 d5 2. Nf3 e6 3. c4 c6 4. Qb3 Nf6 5. Bg5 Be7 6. e3 O-O 7. Bd3 h6 8. Bh4 dxc4 9. Qxc4 b5 10. Qc2 a6 11. O-O Bb7 12. Nbd2 Nbd7 13. Nb3 Rc8 14. Nc5 Nxc5 15. dxc5 Nd7 16. Bxe7 Qxe7 17. b4 a5 18. a3 a4 19. Rfd1 Rcd8 20. Rd2 f6 21.
Rad1 Nb8 22. Bg6 e5 23. Nh4 Bc8 24. Bh7+ Kf7 25. Qg6+ Ke6 26. Rd6+ Rxd6 27. Rxd6+ Qxd6 28. cxd6 Kxd6 29. Qxg7 Nd7 30. Bf5 Rd8 31. Bxd7 Rxd7 32. Qxf6+ Kc7 33. Qxe5+ Kb7 34. f4 Rd3 35. Qe7+ Bd7 36.
f5 Kc7 37. f6 Rxa3 38. f7 1-0

[Event "Early-Titled-Tuesday-Blitz-October-24-2023"]
[Site "Chess.com"]
[Date "2023.10.24"]
[Round "10"]
[White "IljaZaragatski"]
[Black "Hovik_Hayrapetyan"]
[Result "0-1"]
[WhiteElo "2642"]
[BlackElo "2809"]
[TimeControl "180+1"]
[EndTime "9:51:48 PDT"]
[Termination "Hovik_Hayrapetyan won by resignation"]

1. Nf3 Nf6 2. g3 d5 3. Bg2 e6 4. c4 Be7 5. b3 c5 6. cxd5 exd5 7. Bb2 d4 8. O-O Nc6 9. e3 dxe3 10. dxe3 O-O 11.
Nc3 Bf5 12. Qxd8 Rfxd8 13. Rfd1 Rac8 14. Ne1 b6 15. h3 Be6 16. Nd3 g5 17. f4 h6 18. Kf2 c4 19. bxc4 Bxc4 20. Bxc6 Bxd3 21. Bf3 b5 22. Rac1 gxf4 23. gxf4 b4 24. Ne2 Ne4+ 25. Bxe4 Bxe4 26. Rg1+ Kf8 27. Rxc8 Rxc8 28. Bg7+ Ke8 29. Nd4 h5 30. f5 Bh4+ 31. Ke2 Rc3 32. Rb1 Bxb1 0-1

[Event "Early-Titled-Tuesday-Blitz-October-24-2023"]
[Site "Chess.com"]
[Date "2023.10.24"]
[Round "10"]
[White "MidnightFox"]
[Black "KorolDimitriy75"]
[Result "1-0"]
[WhiteElo "2504"]
[BlackElo "2347"]
[TimeControl "180+1"]
[EndTime "9:51:48 PDT"]
[Termination "MidnightFox won on time"]

1. e4 c5 2. Nf3 d6 3. d4 cxd4 4. Nxd4 Nf6 5. Nc3 g6 6. h3 Bg7 7. Be3 O-O 8. Bc4 Nc6 9. Bb3 Bd7 10. Qd2 Qa5 11. O-O-O Rfc8 12. Kb1 Ne5 13. Nd5 Qxd2 14.
Rxd2 Nxd5 15. exd5 Nc4 16. Bxc4 Rxc4 17. c3 b5 18. a3 a5 19. Bg5 b4 20. Bxe7 bxc3 21.
bxc3 Rxc3 22. Bxd6 Rac8 23. Re1 R3c4 24. Be5 Re8 25.
Nf3 Bf5+ 26. Ka2 Be4 27. Bxg7 Kxg7 28. d6 Rd8 29. Ne5 1-0

[Event "Early-Titled-Tuesday-Blitz-October-24-2023"]
[Site "Chess.com"]
[Date "2023.10.24"]
[Round "10"]
[White "pankajfm"]
[Black "Sharan_Rao"]
[Result "1/2-1/2"]
[WhiteElo "2174"]
[BlackElo "2581"]
[TimeControl "180+1"]
[EndTime "9:51:53 PDT"]
[Termination "Game drawn by stalemate"]

1. e4 c6 2. d4 d5 3. exd5 cxd5 4. Bd3 Nc6 5. c3 Nf6 6. Bf4 g6 7. Nf3 Bg7 8. O-O O-O 9. h3 Bf5 10. Be2 Qb6 11. Qb3 Na5 12. Qxb6 axb6 13. Nbd2 Nd7 14. g4 Be4 15. Nxe4 dxe4 16. Ng5 Nf6 17. Be5 Rfe8 18. Bb5 Nc6 19. Rfe1 h6 20. Nxe4 Nxe4 21. Rxe4 Bxe5 22. dxe5 Red8 23. Bxc6 bxc6 24. Rd4 Rxd4 25. cxd4 Ra4 26. Rc1 Rxa2 27. Rxc6 Rxb2 28. d5 b5 29. d6 exd6 30. exd6 Kg7 31. d7 Rd2 32. Rc7 Kf6 33. Rb7 Kg5 34. Rxb5+ Kh4 35. Kg2 Rxd7 36. Re5 Rb7 37. Rd5 Rb4 38. Re5 Rf4 39. Rd5 f6 40. Ra5 f5 41. gxf5 Rxf5 42. Rxf5 gxf5 43. f4 h5 44. Kh2 1/2-1/2

[Event "Early-Titled-Tuesday-Blitz-October-24-2023"]
[Site "Chess.com"]
[Date "2023.10.24"]
[Round "10"]
[White "twofoxniel"]
[Black "Korchmar_Vasiliy"]
[Result "0-1"]
[WhiteElo "2603"]
[BlackElo "2776"]
[TimeControl "180+1"]
[EndTime "9:51:54 PDT"]
[Termination "Korchmar_Vasiliy won by resignation"]

1. e4 c5 2. c3 d5 3. exd5 Nf6 4. d4 Nxd5 5. Nf3 cxd4 6. cxd4 g6 7. Nc3 Bg7 8. Bc4 Nxc3 9. bxc3 Qc7 10. Qe2 O-O 11. O-O Bg4 12. Bg5 Bxf3 13. gxf3 Nc6 14. Rac1 e5 15.
d5 Ne7 16. Rfd1 Nf5 17. Bd3 Nd6 18. c4 b6 19. Be3 Nb7 20. Bc2 Rad8 21. Ba4 Qe7 22.
Bc6 Nd6 23. c5 bxc5 24. Bxc5 Bh6 25. Rb1 Bf4 26. Qf1 Qf6 27. Qg2 Nf5 28. Bxf8 Kxf8 29.
Qh3 Kg7 30. Rb7 Nd4 31. Bd7 Qa6 32. Rdb1 Qd3 33. Kg2 e4 34. fxe4 Qxe4+ 35. Kg1 Nf3+ 36. Kg2 Ng5+ 37. Kf1 Nxh3 38. Bxh3 Rxd5 0-1

[Event "Early-Titled-Tuesday-Blitz-October-24-2023"]
[Site "Chess.com"]
[Date "2023.10.24"]
[Round "10"]
[White "Buzhizhebuguai"]
[Black "slorovel"]
[Result "1-0"]
[WhiteElo "2614"]
[BlackElo "2461"]
[TimeControl "180+1"]
[EndTime "9:51:54 PDT"]
[Termination "Buzhizhebuguai won on time"]

1. d4 Nf6 2. Bf4 d5 3. e3 c5 4.
c3 Nc6 5. Nd2 e6 6. Bd3 Bd6 7.
Bxd6 Qxd6 8. f4 O-O 9. Ngf3 cxd4 10. cxd4 a5 11. a3 a4 12. Ne5 Nd7 13. h4 f5 14. g4 Ndxe5 15. fxe5 Qe7 16. gxf5 exf5 17. Qf3 Be6 18. Qf4 Kh8 19. h5 Rab8 20. Rc1 Na5 21. Bb5 Rbc8 22. Kf2 Nc4 23. Bxc4 dxc4 24. Nb1 Bd5 25.
Rhg1 Bf7 26. h6 g6 27. Nc3 b5 28.
d5 Bg8 29. Qd4 Rcd8 30. e6+ Qf6 31. e7 Qxd4 32. exd4 1-0

[Event "Early-Titled-Tuesday-Blitz-October-24-2023"]
[Site "Chess.com"]
[Date "2023.10.24"]
[Round "10"]
[White "vishwa_vijeta"]
[Black "wild3000"]
[Result "1-0"]
[WhiteElo "2529"]
[BlackElo "2377"]
[TimeControl "180+1"]
[EndTime "9:51:56 PDT"]
[Termination "vishwa_vijeta won by resignation"]

1. e4 e5 2. Nf3 Nc6 3. d4 exd4 4. Bc4 Be7 5. c3 d3 6. Qxd3 d6 7. h3 Nf6 8. O-O O-O 9. Bf4 a6 10. Rd1 Nd7 11. Nbd2 Na5 12. Bd5 Bf6 13. b4 Nc6 14.
Bxc6 bxc6 15. Nc4 Qe7 16. Re1 Nb6 17. Nxb6 cxb6 18. Bxd6 Rd8 19. e5 Be6 20. Bxe7 Rxd3 21. exf6 Rxc3 22. Ng5 Bd5 23. Rac1 Ra3 24. b5 Rxa2 25.
bxc6 Rc8 26. c7 gxf6 27. Bxf6 h6 28. Ne4 Bxe4 29. Rxe4 Rd2 30. Rd4 Rxd4 31. Bxd4 b5 32. Bb6 Kf8 33. Rd1 Ke7 34. Rd8 Rxc7 35. Bxc7 b4 36.
Rd4 b3 37. Rb4 Kd7 38. Bf4 1-0

[Event "Early-Titled-Tuesday-Blitz-October-24-2023"]
[Site "Chess.com"]
[Date "2023.10.24"]
[Round "10"]
[White "Boundless_Strike"]
[Black "Predator0608"]
[Result "0-1"]
[WhiteElo "2635"]
[BlackElo "2568"]
[TimeControl "180+1"]
[EndTime "9:51:57 PDT"]
[Termination "Predator0608 won by checkmate"]

1. d4 d5 2. e4 dxe4 3. Nc3 Nf6 4. f3 exf3 5. Nxf3 g6 6. Bc4 Bg7 7. h4 Qd6 8. Ne5 O-O 9. Bf4 Nh5 10. Bh2 Qf6 11. Qd3 Bf5 12. Qe2 Qxh4+ 13. g3 Nxg3 14.
Qf2 Bxe5 15. dxe5 Qxc4 16. Bxg3 Bg4 17. Qe3 h5 18. b3 Qc6 19. Rh2 Na6 20. Kd2 Nb4 21.
Kc1 b5 22. Kb2 Nxc2 23. Rc1 b4 24. Rcxc2 bxc3+ 25. Rxc3 Qe6 26. Bh4 a5 27. Qg5 a4 28.
Qxe7 a3+ 29. Kc1 Qf5 30. Qf6 Qe4 31. Bg5 Qe1+ 32. Kc2 Qd1# 0-1

[Event "Early-Titled-Tuesday-Blitz-October-24-2023"]
[Site "Chess.com"]
[Date "2023.10.24"]
[Round "10"]
[White "lamomiajunior"]
[Black "Fh2411"]
[Result "1-0"]
[WhiteElo "2660"]
[BlackElo "2520"]
[TimeControl "180+1"]
[EndTime "9:51:57 PDT"]
[Termination "lamomiajunior won on time"]

1. d4 Nf6 2. c4 e6 3. Nc3 Bb4 4. f3 c5 5. d5 exd5 6. cxd5 O-O 7. e4 d6 8. Bd3 Nh5 9. Ne2 Qh4+ 10. g3 Qh3 11. Kf2 a6 12. a3 Ba5 13. Be3 b5 14. Bc2 Bb6 15. Qd2 Ba7 16. a4 b4 17.
Nd1 a5 18. b3 Ba6 19. Ng1 Qc8 20. g4 Nf6 21. h4 c4 22. h5 Nfd7 23. h6 g6 24. Kg3 f6 25. bxc4 Qxc4 26. Rc1 Ne5 27. Bb1 Qf1 28. Bxa7 Rxa7 29. Ne3 1-0

[Event "Early-Titled-Tuesday-Blitz-October-24-2023"]
[Site "Chess.com"]
[Date "2023.10.24"]
[Round "10"]
[White "HanSchut"]
[Black "Sjakkerntobi"]
[Result "0-1"]
[WhiteElo "2303"]
[BlackElo "2501"]
[TimeControl "180+1"]
[EndTime "9:51:57 PDT"]
[Termination "Sjakkerntobi won by resignation"]

1. e4 e5 2. Nf3 Nc6 3. Bc4 Nf6 4. d4 exd4 5. e5 d5 6. Bb5 Ne4 7. Nxd4 Bd7 8. Bxc6 bxc6 9. O-O Bc5 10. f3 Ng5 11. Be3 Bb6 12. f4 Ne4 13. Nd2 Nxd2 14.
Qxd2 O-O 15. Nb3 Qe7 16. Rae1 a5 17. Qc3 Qb4 18. a3 Qxc3 19. bxc3 Bf5 20. Rf2 Be4 21. a4 Rab8 22. Nc5 Bxc5 23. Bxc5 Rfe8 24. Bd4 Rb2 25.
Ree2 Ra2 26. c4 Rxa4 27. c3 Rxc4 28. Ra2 a4 29. Ra3 Rb8 30. h4 c5 31. Be3 Rb3 32.
Rfa2 Rxa3 33. Rxa3 h5 34. Kf2 d4 35. cxd4 cxd4 36.
Bd2 c5 37. g3 Bc6 38. f5 Kf8 39. Bg5 Rb4 40. e6 fxe6 41. fxe6 Rb3 42. Ra1 a3 43.
Ke2 Ke8 44. Rf1 Bb5+ 0-1

[Event "Early-Titled-Tuesday-Blitz-October-24-2023"]
[Site "Chess.com"]
[Date "2023.10.24"]
[Round "10"]
[White "rachidhuilda"]
[Black "motivated_bishop"]
[Result "0-1"]
[WhiteElo "2381"]
[BlackElo "2528"]
[TimeControl "180+1"]
[EndTime "9:52:07 PDT"]
[Termination "motivated_bishop won by resignation"]

1. d4 d6 2. e4 Nf6 3. Nc3 g6 4.
Nf3 Bg7 5. Be2 O-O 6. O-O a6 7. a4 Nc6 8. d5 Ne5 9. Nd4 c6 10. f4 Ned7 11. Be3 cxd5 12. exd5 Nb6 13. Nb3 e6 14. dxe6 Bxe6 15. Nd4 Bc4 16. Bf2 Re8 17.
a5 Bxe2 18. Ndxe2 Nc4 19. b3 Ne3 20. Bxe3 Rxe3 21. Qd2 Qe7 22. Rad1 Re8 23. Nd4 Qc7 24. Na4 Ng4 25. c4 Bxd4 26. Qxd4 Rxb3 27. Nb6 Re2 28. Rfe1 Qe7 29. Rxe2 Qxe2 30. Qd2 Qxd2 31. Rxd2 Rb1+ 0-1

[Event "Early-Titled-Tuesday-Blitz-October-24-2023"]
[Site "Chess.com"]
[Date "2023.10.24"]
[Round "10"]
[White "ellatambien"]
[Black "chess_blitz00"]
[Result "1-0"]
[WhiteElo "2623"]
[BlackElo "2505"]
[TimeControl "180+1"]
[EndTime "9:52:08 PDT"]
[Termination "ellatambien won on time"]

1. c4 Nf6 2. Nc3 e6 3. e4 d5 4. cxd5 exd5 5. e5 Nfd7 6. d4 Nb6 7. f4 c5 8. Nf3 Nc6 9. h3 Be7 10. Be3 Bh4+ 11. Bf2 Bxf2+ 12. Kxf2 cxd4 13. Nxd4 O-O 14. Be2 f6 15. exf6 Qxf6 16. Nxc6 Qxf4+ 17. Bf3 bxc6 18. Rf1 Nc4 19. Kg1 Be6 20. Qe2 Qd6 21. Rad1 Qc5+ 22. Kh1 Rae8 23. Rc1 Bf7 24. Qd1 Ne3 25. Nxd5 Nxd1 26.
Rxc5 Nxb2 27. Rxc6 Nd3 28. Nc7 Rc8 29. Nb5 Rxc6 30.
Bxc6 Nb4 31. Nxa7 Bxa2 32. Rd1 Nxc6 33. Nxc6 Bf7 34. Ne5 g6 35. Kh2 Kg7 36. Rd7 Kf6 37.
Ng4+ Kg7 38. Ra7 h5 39. Ne5 g5 40. Kg3 Kg8 41. h4 1-0

[Event "Early-Titled-Tuesday-Blitz-October-24-2023"]
[Site "Chess.com"]
[Date "2023.10.24"]
[Round "10"]
[White "LiadCuba"]
[Black "EdmundPlayer"]
[Result "1-0"]
[WhiteElo "2353"]
[BlackElo "2196"]
[TimeControl "180+1"]
[EndTime "9:52:08 PDT"]
[Termination "LiadCuba won by checkmate"]

1. d4 Nf6 2. c4 e6 3. Nc3 Bb4 4. f3 d5 5. a3 Be7 6. e4 dxc4 7. Bxc4 c5 8. Nge2 cxd4 9. Nxd4 O-O 10. Be3 Nc6 11.
Nxc6 bxc6 12. O-O Qc7 13. Qe2 Rb8 14. b4 a5 15. b5 cxb5 16. Nxb5 Qe5 17. a4 Bc5 18.
Kh1 Bxe3 19. Qxe3 Nd5 20. Bxd5 exd5 21. Qc5 Be6 22. Nd4 Rfc8 23. Nc6 Qc7 24. exd5 Bxd5 25. Ne7+ Kf8 26. Qxc7 Rxc7 27. Nxd5 Rc4 28. Rab1 Rd8 29. Nb6 Rc2 30. Rfc1 Ra2 31. Rd1 Re8 32. Re1 Rd8 33. Rbd1 Re8 34. Nd7+ Kg8 35. Rxe8# 1-0

[Event "Early-Titled-Tuesday-Blitz-October-24-2023"]
[Site "Chess.com"]
[Date "2023.10.24"]
[Round "10"]
[White "Magila31"]
[Black "Semetey"]
[Result "1-0"]
[WhiteElo "2409"]
[BlackElo "2521"]
[TimeControl "180+1"]
[EndTime "9:52:10 PDT"]
[Termination "Magila31 won by resignation"]

1. Nf3 a6 2. g3 d5 3. Bg2 c5 4. O-O Nc6 5. c4 dxc4 6. Na3 Be6 7. Ng5 Bd7 8. Nxc4 b5 9. Bxc6 Bxc6 10. Ne5 Bd5 11. e4 h6 12. exd5 hxg5 13. Qf3 Nf6 14. d6 exd6 15. Qc6+ Ke7 16. Re1 Qc8 17. Ng6+ Kd8 18.
Qxc8+ Rxc8 19. Nxh8 Rc7 20. d4 g6 21. Bxg5 Bg7 22.
dxc5 Bxh8 23. cxd6 Rc5 24. h4 Rd5 25. Re7 Rxd6 26. Rxf7 Ke8 27. Ra7 Ng8 28. Re1+ Kf8 29. Rc1 Nf6 30. Bxf6 Bxf6 31. Rc8+ Bd8 32. Raa8 Ke7 33.
Rxd8 Rxd8 34. Rxd8 Kxd8 35. g4 Ke7 36. Kg2 Kf6 37.
Kf3 Ke5 38. Ke3 a5 39. f4+ Kd5 40. h5 gxh5 41. gxh5 Ke6 42. Ke4 b4 43. f5+ Kf6 44.
b3 Kg5 45. Ke5 Kxh5 46. f6 Kg6 47. Ke6 1-0

[Event "Early-Titled-Tuesday-Blitz-October-24-2023"]
[Site "Chess.com"]
[Date "2023.10.24"]
[Round "10"]
[White "giomar27"]
[Black "nitpicker"]
[Result "1/2-1/2"]
[WhiteElo "2359"]
[BlackElo "2256"]
[TimeControl "180+1"]
[EndTime "9:52:10 PDT"]
[Termination "Game drawn by repetition"]

1. d4 Nf6 2. Nc3 d5 3. Bf4 a6 4. e3 e6 5. g4 Bd6 6. g5 Nfd7 7. Nf3 Qe7 8. h4 c6 9. h5 e5 10. Bg3 e4 11. Bxd6 Qxd6 12. Nh4 g6 13. Bh3 b5 14. Ne2 Nb6 15. Bxc8 Nxc8 16. Nf4 Ne7 17. Kf1 Nd7 18. Qg4 O-O-O 19. a4 Kb7 20. axb5 axb5 21. Kg2 f5 22.
Qg3 gxh5 23. Nxh5 Qxg3+ 24. Kxg3 Rdg8 25. Kf4 h6 26. Rag1 hxg5+ 27. Rxg5 Rxg5 28. Kxg5 Rg8+ 29. Kh6 Rh8+ 30. Kg5 Rg8+ 31. Kh6 Rh8+ 32. Kg5 1/2-1/2

[Event "Early-Titled-Tuesday-Blitz-October-24-2023"]
[Site "Chess.com"]
[Date "2023.10.24"]
[Round "10"]
[White "SashaKuzhilniy"]
[Black "Flaccidmoves"]
[Result "1/2-1/2"]
[WhiteElo "2647"]
[BlackElo "2450"]
[TimeControl "180+1"]
[EndTime "9:52:11 PDT"]
[Termination "Game drawn by repetition"]

1. b3 e5 2. Bb2 Nc6 3. e3 Nf6 4. Bb5 e4 5. Ne2 a6 6. Bxc6 dxc6 7. O-O Bd6 8. Ng3 Bg4 9. f3 exf3 10. gxf3 Bh3 11.
Rf2 h5 12. Kh1 h4 13. Ne4 Nxe4 14. fxe4 Qg5 15. Qg1 Qxg1+ 16. Kxg1 f6 17. d3 Rh5 18. Nd2 Rd8 19. Kh1 c5 20. Rg1 Rd7 21. Nc4 b5 22. Nxd6+ cxd6 23. Rf4 Re7 24. Bc3 b4 25. Be1 d5 26.
Rxh4 Rxh4 27. Bxh4 dxe4 28. Bf2 Bf5 29. Rd1 Bg4 30.
Rd2 Bf3+ 31. Kg1 Rd7 32. Be1 Rd5 33. dxe4 Rxd2 34. Bxd2 Bxe4 35. c3 a5 36. cxb4 cxb4 37.
Bc1 Bb1 38. a3 bxa3 39. Bxa3 Bc2 40. b4 a4 41. Kf2 Bd3 42. Ke1 Kd7 43. Kd2 Bb5 44.
Kc3 Kd6 45. Kd4 f5 46. h4 g6 47. Bb2 Kc6 48. Ke5 Be2 49. Kd4 Kb5 50. Kc3 Bh5 51. Bc1 Bg4 52. Ba3 Bf3 53. Bc1 Bg4 54. Ba3 Bf3 55.
Bc1 Bg4 1/2-1/2

[Event "Early-Titled-Tuesday-Blitz-October-24-2023"]
[Site "Chess.com"]
[Date "2023.10.24"]
[Round "10"]
[White "amanjazu"]
[Black "Iskusnyh"]
[Result "1-0"]
[WhiteElo "2424"]
[BlackElo "2566"]
[TimeControl "180+1"]
[EndTime "9:52:11 PDT"]
[Termination "amanjazu won on time"]

1. b3 d5 2. Bb2 Bf5 3. e3 e6 4. f4 Nf6 5. Nf3 h6 6. Be2 Be7 7. O-O O-O 8. Ne5 Nfd7 9. d3 Nxe5 10. fxe5 c5 11. Nd2 Bg5 12. Rf3 Nc6 13. d4 cxd4 14. exd4 Qb6 15. Rxf5 exf5 16. Nf3 Be3+ 17. Kh1 f4 18. c4 dxc4 19. Bxc4 Rad8 20. d5 Ne7 21. d6 Ng6 22. Qd3 Qc5 23. Bxf7+ Rxf7 24. Qxg6 Qd5 25. e6 Re7 26. dxe7 Qd1+ 27. Ne1 1-0